 Dungeon Crawl Stone Soup version 0.22-a0-460-g49b1da7 (webtiles) character file.

29324 KristoblXynda the Grappler (level 13, -4/120 HPs)
             Began as a Troll Wizard on June 8, 2018.
             Was a Believer of Ashenzari.
             Slain by a komodo dragon (25 damage)
             ... on level 14 of the Dungeon on June 9, 2018.
             The game lasted 00:41:45 (12005 turns).

KristoblXynda the Grappler (Troll Wizard)          Turns: 12005, Time: 00:41:46

Health: -4/120     AC:  8    Str: 18    XL:     13   Next: 14%
Magic:  12/15      EV: 11    Int: 18    God:    Ashenzari [**....]
Gold:   760        SH:  0    Dex:  8    Spells: 5/16 levels left

rFire    . . .     SeeInvis .     - Unarmed
rCold    + . .     Gourm    +   (no shield)
rNeg     . . .     Faith    .   u - +0 troll leather armour (curse)
rPois    .         Spirit   .   r - +1 hat {MR+} (curse)
rElec    .         Reflect  .   (no cloak)
rCorr    .         Harm     .   (gloves unavailable)
MR       +....                  (boots unavailable)
Stlth    +.........             q - amulet of regeneration (curse)
HPRegen  1.50/turn              y - ring of protection from cold
MPRegen  0.14/turn              (no ring)

@: confused, studying Dodging, drained
A: large, unfitting armour, claws 3, fast metabolism 3, gourmand, regeneration
1, shaggy fur 1, tough skin 2
a: Curse Item, Scrying, Renounce Religion


You were on level 14 of the Dungeon.
You worshipped Ashenzari.
Ashenzari was pleased with you.
You were very full.

You visited 2 branches of the dungeon, and saw 15 of its levels.
You also visited: Ice Cave.

You collected 760 gold pieces.

Inventory:

Hand Weapons
 i - a +0 whip of venom
Missiles
 e - a throwing net (quivered)
Armour
 r - a cursed +1 hat of magic resistance (worn)
 u - a cursed +0 troll leather armour (worn)
Jewellery
 q - a cursed amulet of regeneration (around neck)
 y - a ring of protection from cold (left claw)
 A - a +4 amulet of reflection
Wands
 m - a wand of iceblast (12)
 v - a wand of paralysis (2)
Scrolls
 b - a scroll of immolation {unknown}
 c - a scroll of enchant armour
 g - a scroll of amnesia {unknown}
 h - 5 scrolls of magic mapping
 j - a scroll of silence {unknown}
 k - a scroll of fog {unknown}
 l - 5 scrolls of teleportation
 o - a scroll of blinking {unknown}
 s - 2 scrolls of remove curse
 w - a scroll of enchant weapon {unknown}
 x - a scroll of holy word {unknown}
 z - a scroll of fear {unknown}
 B - a scroll of identify
Potions
 f - 2 potions of brilliance
 n - 3 potions of curing
 p - 2 potions of haste
Books
 t - a manual of Dodging
Miscellaneous
 a - a sack of spiders
Comestibles
 d - 17 rations


   Skills:
 - Level 5.7(5.0) Fighting
 + Level 5.5(6.2) Dodging
 - Level 1.0(1.2) Stealth
 + Level 12.9(12.0) Unarmed Combat
 - Level 2.0(1.3) Spellcasting
 + Level 11.2(10.4) Conjurations
   Level 0.6(0.0) Summonings
   Level 0.6(0.0) Translocations
 + Level 4.9(4.2) Evocations


You had 5 spell levels left.
You knew the following spells:

 Your Spells              Type           Power        Failure   Level  Hunger
a - Magic Dart            Conj           ####         1%          1    ##.....
b - Mephitic Cloud        Conj/Pois/Air  ##......     17%         3    ####...
c - Petrify               Tmut/Erth      #.......     92%         4    #####..
d - Confuse               Hex            #.......     56%         3    ####...

Your spell library contained the following spells:

 Spells                   Type           Power        Failure   Level  Hunger
 Fireball                 Conj/Fire      ###.......   58%         5    ######.
 Conjure Flame            Conj/Fire      ###.....     9%          3    ####...
 Slow                     Hex            #.......     34%         2    ###....
 Throw Flame              Conj/Fire      ###...       4%          2    ###....
 Blink                    Tloc           N/A          34%         2    ###....
 Sticky Flame             Conj/Fire      ###.....     26%         4    #####..
 Call Imp                 Summ           #.......     34%         2    ###....
 Spider Form              Tmut/Pois      #.........   56%         3    ####...
 Blade Hands              Tmut           #.........   99%         5    ######.
 Ice Form                 Ice/Tmut       #.......     92%         4    #####..
 Confusing Touch          Hex            #.....       22%         1    ##.....
 Flame Tongue             Conj/Fire      ###..        2%          1    ##.....
 Sticks to Snakes         Tmut           #.......     34%         2    ###....
 Metabolic Englaciation   Hex/Ice        #.........   99%         5    ######.
 Inner Flame              Hex/Fire       #.......     56%         3    ####...
 Beastly Appendage        Tmut           #.....       22%         1    ##.....
 Gell's Gravitas          Tloc           #.........   56%         3    ####...
 Yara's Violent Unravell  Hex/Tmut       #.........   99%         5    ######.


Dungeon Overview and Level Annotations

Branches:
Dungeon (14/15)            Temple (1/1) D:7            Lair (0/6) D:11
    Orc (0/2) D:10
 Vaults: D:13-14

Altars:
Ashenzari
Cheibriados
Dithmenos
Elyvilon
Fedhas
Gozag
Hepliaklqana
Kikubaaqudgha
Makhleb
Nemelex Xobeh
Okawaru
Qazlal
Ru
Sif Muna
Trog
Uskayaw
Vehumet
Wu Jian
Xom
Yredelemnul
Zin
The Shining One

Shops:
D:4 }

Annotations:
D:10 exclusion: ice statue


Innate Abilities, Weirdness & Mutations

You are too large for most types of armour.
You have claws for hands.
Your metabolism is lightning-fast.
You like to eat raw meat.
Your natural rate of healing is unusually fast.
You are covered in fur. (AC +1)
You have very tough skin. (AC +2)


Message History

You barely miss the komodo dragon.
The komodo dragon is moderately wounded.
The komodo dragon bites you!!
* * * LOW HITPOINT WARNING * * *
Casting: Mephitic Cloud (safe; 17% risk of failure)
Confirm with . or Enter, or press ? or * to list all spells.
Aiming: Mephitic Cloud (safe; 17% risk of failure)
Press: ? - help, Shift-Dir - straight line, f - komodo dragon
Aim: a komodo dragon (moderately wounded) That beam is likely to hit you.
Continue anyway?
The ball explodes into a vile cloud!
The stinking cloud engulfs the komodo dragon.
The komodo dragon is moderately wounded.
The stinking cloud engulfs you!
You are engulfed in noxious fumes.
You choke on the stench!
You are confused.
* * * LOW HITPOINT WARNING * * *
The komodo dragon is engulfed in noxious fumes.
The komodo dragon bites you!!
You die...

, ,, , * ,, ,* ,
, ,, * ,, , , **
* * , *,
##+######## * *
#.........### * *
#.........'.## *+
*
#...§@§...#..##*
#....l§...##..##{
,
#...§.§...###..#
, +.........#
##<+, ,,
#.........# ### ,
, , #.........# ,
* ########### *


You could see a komodo dragon.

Vanquished Creatures
  Gastronok (D:9)
  A frost giant (IceCv)
  A centaur warrior (D:11)
  2 death yaks (IceCv)
  4 two-headed ogres
  The ghost of 4thArraOfDagon the Cleaver, a novice HOMo of Beogh (D:10)
  The ghost of Muffinman the Skirmisher, a novice MiFi (D:5)
  An ugly thing (D:13)
  A manticore (D:13)
  Joseph (D:8)
  An ice statue (IceCv)
  A gargoyle (D:10)
  2 rime drakes
  A komodo dragon (D:11)
  2 trolls
  The ghost of Muffinman the Shield-Bearer, an amateur FoFi of Trog (D:4)
  16 polar bears
  A hornet (D:12)
  4 hippogriffs
  2 meliai zombies
  2 slime creatures (D:12)
  A vampire (D:10)
  Sigmund (D:2)
  A wyvern (D:13)
  A shadow (D:13)
  29 yaks
  A hungry ghost (D:7)
  Menkaure (D:7)
  2 acid dragons (D:11)
  2 soldier ants (D:12)
  2 ice beasts
  5 orc warriors
  A black bear (D:9)
  6 ogres
  2 phantoms
  6 sky beasts
  4 centaurs
  16 wolves
  8 big kobolds
  4 bullfrogs
  7 gnoll sergeants
  4 scorpions
  18 killer bees
  8 wights
  8 howler monkeys
  3 crimson imps
  2 bullfrog zombies
  2 quasits
  4 centaur zombies
  3 centaur skeletons
  5 hounds
  3 jellies
  2 orc priests
  3 bullfrog skeletons
  10 orc wizards
  An iguana (D:4)
  11 worker ants
  2 hound zombies
  A hound skeleton (D:5)
  A worker ant zombie (D:11)
  13 gnolls
  13 adders
  3 shadow imps
  2 oozes (D:2)
  4 worms
  3 dart slugs
  6 leopard geckos
  31 orcs
  2 ball pythons
  3 giant cockroaches
  5 goblins
  5 hobgoblins
  14 jackals
  12 kobolds
  4 quokkas
  5 bats
  6 frilled lizards
  A jackal skeleton (D:4)
  A jackal zombie (D:5)
  8 rats
379 creatures vanquished.

Vanquished Creatures (collateral kills)
  A polar bear (IceCv)
  A big kobold (D:10)
  A killer bee (D:9)
  A gnoll (D:10)
4 creatures vanquished.

Vanquished Creatures (others)
  A wolf (IceCv)
  6 plants (D:11)
7 creatures vanquished.

Grand Total: 390 creatures vanquished

Notes
Turn   | Place    | Note
-------+----------+-------------------------------------------
     0 | D:1      | KristoblXynda the Troll Wizard began the quest for the Orb.
     0 | D:1      | Reached XP level 1. HP: 16/16 MP: 2/2
     0 | D:1      | Upgraded the game from 0.22-a0-458-gb446440 to 0.22-a0-460-g49b1da7
    45 | D:1      | Reached skill level 1 in Conjurations
    71 | D:1      | Reached skill level 1 in Unarmed Combat
    96 | D:1      | Reached XP level 2. HP: 21/24 MP: 4/4
   752 | D:2      | Noticed Sigmund
   880 | D:2      | Reached XP level 3. HP: 28/31 MP: 5/5
   931 | D:2      | Learned a level 3 spell: Mephitic Cloud
   940 | D:2      | Noticed a sky beast
   956 | D:2      | Reached skill level 2 in Unarmed Combat
   978 | D:2      | Killed a sky beast
   978 | D:2      | Reached skill level 3 in Unarmed Combat
   978 | D:2      | Reached XP level 4. HP: 4/39 MP: 6/6
  1214 | D:2      | Reached XP level 5. HP: 45/45 MP: 7/7
  1368 | D:2      | Killed Sigmund
  1368 | D:2      | Reached skill level 4 in Unarmed Combat
  1368 | D:2      | Reached XP level 6. HP: 38/53 MP: 8/8
  2348 | D:4      | Found Dexzifer's Gadget Shop.
  2436 | D:4      | Reached skill level 5 in Unarmed Combat
  2441 | D:4      | Reached XP level 7. HP: 31/59 MP: 9/9
  2499 | D:4      | You fall through a shaft for 2 floors!
  2666 | D:6      | Noticed a hippogriff
  2679 | D:6      | Killed a hippogriff
  2679 | D:6      | Reached skill level 6 in Unarmed Combat
  2898 | D:5      | Entered Level 5 of the Dungeon
  2910 | D:5      | Reached XP level 8. HP: 66/67 MP: 10/10
  2917 | D:5      | Reached skill level 5 in Conjurations
  3022 | D:5      | Found a basalt altar of Yredelemnul.
  3031 | D:5      | Noticed Muffinman's ghost (novice MiFi)
  3224 | D:5      | Killed Muffinman's ghost
  3224 | D:5      | Reached skill level 7 in Unarmed Combat
  3488 | D:4      | Noticed Muffinman's ghost (amateur FoFi)
  3776 | D:4      | Reached skill level 8 in Unarmed Combat
  3934 | D:4      | Killed Muffinman's ghost
  3934 | D:4      | Reached XP level 9. HP: 53/74 MP: 11/11
  4617 | D:7      | Noticed Menkaure
  4625 | D:7      | Killed Menkaure
  4687 | D:7      | Reached skill level 9 in Unarmed Combat
  4865 | D:7      | Found a snail-covered altar of Cheibriados.
  4959 | D:7      | HP: 4/111 [killer bee (3)]
  4964 | D:7      | HP: 2/74 [poisoned by a killer bee]
  4969 | D:7      | HP: 3/74 [poisoned by a killer bee]
  5292 | D:7      | Found a staircase to the Ecumenical Temple.
  5306 | Temple   | Entered the Ecumenical Temple
  5477 | Temple   | Became a worshipper of Ashenzari the Shackled
  5882 | D:8      | Noticed Joseph
  5912 | D:8      | Killed Joseph
  5995 | D:8      | Reached skill level 10 in Unarmed Combat
  6249 | D:8      | Reached XP level 10. HP: 83/83 MP: 5/12
  6267 | D:8      | Reached skill level 1 in Fighting
  6411 | D:8      | Noticed a two-headed ogre
  6429 | D:8      | Killed a two-headed ogre
  7104 | D:9      | Noticed Gastronok
  7294 | D:9      | Paralysed by a crimson imp for 5 turns
  7474 | D:9      | Killed Gastronok
  7474 | D:9      | Reached XP level 11. HP: 98/98 MP: 13/13
  7759 | D:9      | Noticed a two-headed ogre
  7769 | D:9      | Killed a two-headed ogre
  7769 | D:9      | Reached skill level 11 in Unarmed Combat
  7977 | D:10     | Entered Level 10 of the Dungeon
  8020 | D:10     | Learned a level 4 spell: Petrify
  8024 | D:10     | Learned a level 3 spell: Confuse
  8232 | D:10     | Reached * piety under Ashenzari
  8266 | D:10     | Found a staircase to the Orcish Mines.
  8487 | D:10     | Noticed 4thArraOfDagon's ghost (novice HOMo)
  8516 | D:10     | Killed 4thArraOfDagon's ghost
  8516 | D:10     | Reached skill level 10 in Conjurations
  8910 | D:11     | Reached skill level 5 in Fighting
  8977 | D:11     | Noticed a centaur warrior
  8990 | D:11     | Killed a centaur warrior
  8990 | D:11     | Reached skill level 1 in Evocations
  9568 | D:11     | Found a staircase to the Lair.
  9662 | D:12     | Found a frozen archway.
  9719 | D:12     | Reached XP level 12. HP: 58/113 MP: 3/14
  9763 | IceCv    | Entered an ice cave
  9956 | IceCv    | Reached skill level 12 in Unarmed Combat
 10641 | IceCv    | Noticed a frost giant
 10641 | IceCv    | Noticed a death yak
 10641 | IceCv    | Noticed a death yak
 10653 | IceCv    | Killed a death yak
 10668 | IceCv    | Killed a death yak
 10676 | IceCv    | Killed a frost giant
 11306 | D:13     | Reached ** piety under Ashenzari
 11532 | D:13     | Reached XP level 13. HP: 89/120 MP: 9/15
 11564 | D:13     | Reached skill level 5 in Dodging
 12005 | D:14     | Slain by a komodo dragon

Vault maps used:
D:1:      dpeg_arrival_line_fractal, serial_bayou_pond_a, nrook_loot_triangle,
          minmay_heptomino_d4
D:2:      uniq_sigmund
D:3:      first_ration
D:4:      cheibrodos_barr_body, serial_shops, shop_fountains
D:5:      lemuel_crystal_altar
D:7:      minmay_temple_entry_mist, basic_altar, uniq_menkaure
D:8:      uniq_joseph
D:9:      uniq_gastronok
D:10:     kennysheep_orc_monster_closet_entryway, minivault_16
D:11:     david_lair_shrubbed
D:12:     portal_ice_cave_entry_animals_and_master, hangedman_pestilent_swarm,
          uniq_maurice, uniq_harold
D:13:     lemuel_another_geyser
D:14:     erik_vaults_2, lab_entry_generic, serial_shops, shop
Temple:   roderic_octagonal_lattice_temple
IceCv:    ice_cave_caverns_01

Skill      XL: |  1  2  3  4  5  6  7  8  9 10 11 12 13 |
---------------+----------------------------------------+-----
Conjurations   | 1 2 3 4 6 7 9 10 11 | 11.2
Unarmed Combat | 1 3 4 5 6 8 10 11 12 | 12.9
Fighting       | 3 5 |  5.7
Evocations     | 2 4 |  4.9
Dodging        | 4 5 |  5.5
Stealth        | |  1.0
Spellcasting   | |  2.0
Summonings     | |  0.6
Translocations | |  0.6

Action                   |  1- 3 |  4- 6 |  7- 9 | 10-12 | 13-15 || total
-------------------------+-------+-------+-------+-------+-------++-------
Melee: Unarmed           |   118 |   183 |   315 |   721 |    81 ||  1418
       Punch             |     1 |     1 |     6 |    39 |     2 ||    49
 Cast: Mephitic Cloud    |       |     1 |     9 |    38 |     4 ||    52
       Magic Dart        |       |       |     1 |     8 |       ||     9
Invok: Curse Item        |       |       |     1 |     2 |       ||     3
Evoke: Wand              |       |       |     3 |     5 |       ||     8
       Sack of spiders   |       |       |       |     1 |       ||     1
  Use: Scroll            |     1 |       |     6 |     9 |     1 ||    17
       Potion            |       |       |     6 |     6 |       ||    12
 Stab: Sleeping          |     1 |     2 |     1 |     1 |       ||     5
       Confused          |       |     1 |     3 |    18 |     1 ||    23
       Paralysed         |       |       |       |     8 |       ||     8
  Eat: Chunk             |    14 |    14 |    32 |    56 |     4 ||   120
       Ration            |       |       |     2 |     1 |       ||     3
Armor: Robe              |    50 |    74 |   104 |    40 |       ||   268
       Skin              |       |       |       |    19 |       ||    19
       Troll leather arm |       |       |       |   170 |    18 ||   188
Dodge: Dodged            |    61 |    88 |   123 |   248 |    38 ||   558

Table legend:
 A = Spawn XP
 B = Non-spawn XP
 C = Spawn XP percentage of total XP
 D = Spawn monster count
 E = Non-spawn monster count
 F = Spawn count percentage of total count
 G = Total turns spent on level
                    A         B        C        D         E        F      G
               +---------+---------+-------+---------+---------+-------+---------
         Total |       0 |   41892 |   0.0 |       0 |     383 |   0.0 | 12005
               +---------+---------+-------+---------+---------+-------+---------
           D:1 |       0 |      32 |   0.0 |       0 |      20 |   0.0 |   724
           D:2 |       0 |     449 |   0.0 |       0 |      32 |   0.0 |   809
           D:3 |       0 |     102 |   0.0 |       0 |      15 |   0.0 |   727
           D:4 |       0 |    1088 |   0.0 |       0 |      36 |   0.0 |   783
           D:5 |       0 |     830 |   0.0 |       0 |      11 |   0.0 |   651
           D:6 |       0 |     861 |   0.0 |       0 |      13 |   0.0 |   907
           D:7 |       0 |    1161 |   0.0 |       0 |      16 |   0.0 |   915
           D:8 |       0 |    3294 |   0.0 |       0 |      26 |   0.0 |  1000
           D:9 |       0 |    4726 |   0.0 |       0 |      30 |   0.0 |  1123
          D:10 |       0 |    4156 |   0.0 |       0 |      48 |   0.0 |   885
          D:11 |       0 |    3335 |   0.0 |       0 |      30 |   0.0 |   754
          D:12 |       0 |    3712 |   0.0 |       0 |      24 |   0.0 |   622
          D:13 |       0 |    5122 |   0.0 |       0 |      27 |   0.0 |   715
          D:14 |       0 |     481 |   0.0 |       0 |       1 |   0.0 |    66
         IceCv |       0 |   12543 |   0.0 |       0 |      54 |   0.0 |   986
               +---------+---------+-------+---------+---------+-------+---------
